 Dungeon Crawl Stone Soup version 0.28.0-53-g5a82cb258f (webtiles) character file.

Game seed: 7820082070363349190

1446 safid the Cleaver (level 8, 0/66 HPs)
             Began as a Hill Orc Fighter on July 22, 2022.
             Killed from afar by a manticore (12 damage)
             ... with a volley of spikes
             ... on level 6 of the Dungeon.
             The game lasted 00:05:53 (5323 turns).

safid the Cleaver (Hill Orc Fighter)                Turns: 5323, Time: 00:05:53

Health: 0/66       AC: 11    Str: 21    XL:     8   Next: 75%
Magic:  0/8        EV: 13    Int: 11    God:
Gold:   142        SH:  4    Dex: 10    Spells: 7/7 levels left

rFire   . . .      SeeInvis .   a - +0 war axe
rCold   . . .      Faith    .   c - +0 buckler
rNeg    . . .      Spirit   +   b - +0 scale mail
rPois   .          Reflect  .   v - +2 helmet {Int+3}
rElec   .          Harm     .   (no cloak)
rCorr   .          Rampage  .   (no gloves)
Will    .....                   p - +0 pair of boots
Stlth   ..........              r - amulet of guardian spirit
HPRegen 0.21/turn               x - +4 ring of evasion
MPRegen 0.11/turn               (no ring)

@: spiked
A: no striking features
a: no special abilities


You were on level 6 of the Dungeon.
You visited 1 branch of the dungeon, and saw 6 of its levels.

You collected 198 gold pieces.
You spent 56 gold pieces at shops.

Inventory:

Hand Weapons
 a - a +0 war axe (weapon)
Armour
 b - a +0 scale mail (worn)
 c - a +0 buckler (worn)
 p - a +0 pair of boots (worn)
 v - a +2 helmet of intelligence (worn)
Jewellery
 r - an amulet of guardian spirit (around neck)
 x - a +4 ring of evasion (left hand)
Scrolls
 f - a scroll of amnesia {unknown}
 h - 2 scrolls of teleportation
 i - a scroll of brand weapon {unknown}
 j - a scroll of silence {unknown}
 m - a scroll of summoning {unknown}
 o - a scroll of fear {unknown}
 q - a scroll of fog {unknown}
 s - a scroll of enchant weapon {unknown}
 u - a scroll of immolation {unknown}
 y - a scroll of vulnerability {unknown}
 B - a scroll of enchant armour {unknown}
Potions
 d - a potion of might
 e - a potion of cancellation {unknown}
 g - 2 potions of brilliance {unknown}
 k - 3 potions of curing
 l - 4 potions of flight
 n - a potion of lignification
 w - 2 potions of magic {unknown}
 z - a potion of heal wounds {unknown}
 A - a potion of resistance {unknown}


   Skills:
 - Level 4.0 Fighting
 + Level 13.1 Axes
 - Level 4.0 Armour
 - Level 4.0 Shields


You had 7 spell levels left.
You didn't know any spells.
Your spell library contained the following spells:

 Spells                   Type           Power      Damage    Failure   Level
 Apportation              Tloc           0%         N/A       77%         1
 Conjure Flame            Conj/Fire      0%         6-21      98%         3
 Dazzling Flash           Conj/Hex       0%         N/A       98%         3
 Ignite Poison            Fire/Tmut/Pois 0%         N/A       98%         3
 Sticky Flame             Conj/Fire      0%         2d3       100%        4
 Agony                    Necr           0%         N/A       100%        5
 Alistair's Intoxication  Tmut/Pois      0%         N/A       100%        5
 Silence                  Hex/Air        0%         N/A       100%        5


Dungeon Overview and Level Annotations

Branches:
Dungeon (6/15)             Temple (0/1) D:5

Altars:
Ashenzari
Dithmenos
Hepliaklqana
Kikubaaqudgha
Ru
Zin

Shops:
D:2 !


Message History

You miss the adder.
The adder is almost dead.
You block the adder's attack.
You miss the adder.
The adder is almost dead.
The adder bites you but does no damage. x2
You closely miss the adder.
The adder is almost dead.
The adder bites you but does no damage.
You closely miss the adder.
The adder is almost dead.
The adder bites you but does no damage.
You hit the adder.
You kill the adder!
A manticore comes into view.
You see here a +0 leather armour.
A manticore is nearby!
The manticore flicks its tail.
The volley of spikes hits you!!
The barbed spikes become lodged in your body.
You see here a metallic grey potion.
The barbs in your skin will harm you if you move.
Continue?
Okay, then.
The barbs in your skin will harm you if you move.
Continue?
The barbed spikes dig painfully into your body as you move.
The barbed spikes dig painfully into your body as you move.
The barbed spikes dig painfully into your body as you move.
The barbed spikes dig painfully into your body as you move.
The barbed spikes dig painfully into your body as you move.
The barbed spikes dig painfully into your body as you move.
The barbed spikes dig painfully into your body as you move.
* * * LOW HITPOINT WARNING * * *
The barbed spikes dig painfully into your body as you move.
* * * LOW HITPOINT WARNING * * *
There is a stone staircase leading up, spattered with blood here.
Unknown command.
The manticore flicks its tail.
The volley of spikes hits you!
The barbed spikes become lodged in your body.
You die...

#..##.!..$.... .
##..##.[......#
...###............##
#............H....##
####..####...###.....#
......####...###.....#
#...!......#.....#
######...........##
#....>@....>.#
#...#.#....#.#
#...#.#...##.#
#.........# #
##))......#
########.#.#....
.......).).#...#.
########)###.#.##.#≈
#.# #.#.##.≈#


You could see a manticore.

Vanquished Creatures
  Pikel (D:5)
  Sigmund (D:2)
  Eustachio (D:4)
  A black bear (D:5)
  An ogre (D:5)
  A centaur (D:5)
  A phantom (D:3)
  A gnoll shaman (D:6)
  A bullfrog skeleton (D:5)
  Jessica (D:2)
  A scorpion zombie (D:5)
  2 orc wizards
  A hound skeleton (D:5)
  Robin (D:4)
  4 gnolls (D:6)
  A howler monkey skeleton (D:4)
  7 adders
  2 worms (D:2)
  7 dart slugs
  15 orcs
  7 endoplasms
  4 giant cockroaches (D:1)
  17 goblins
  8 hobgoblins
  3 jackals (D:1)
  10 kobolds
  A quokka (D:1)
  11 ball pythons
  7 bats
  3 frilled lizards (D:3)
  6 rats
128 creatures vanquished.

Notes
Turn   | Place    | Note
-------+----------+-------------------------------------------
     0 | D:1      | safid the Hill Orc Fighter began the quest for the Orb.
     0 | D:1      | Reached XP level 1. HP: 19/19 MP: 1/1
   165 | D:1      | Reached skill level 3 in Axes
   165 | D:1      | Reached XP level 2. HP: 19/27 MP: 2/2
   749 | D:1      | Reached XP level 3. HP: 32/33 MP: 3/3
  1558 | D:2      | Reached XP level 4. HP: 35/40 MP: 4/4
  1597 | D:2      | Noticed Sigmund
  1612 | D:2      | Killed Sigmund
  1613 | D:2      | Reached skill level 6 in Axes
  1613 | D:2      | Reached XP level 5. HP: 10/46 MP: 5/5
  1613 | D:2      | Reached XP level 6. HP: 11/52 MP: 6/6
  1829 | D:2      | Noticed Jessica
  1836 | D:2      | Killed Jessica
  1837 | D:2      | Reached skill level 7 in Axes
  1955 | D:2      | Found Zuifalit's Distillery.
  1962 | D:2      | Bought a potion of degeneration for 14 gold pieces
  1962 | D:2      | Bought a potion of lignification for 42 gold pieces
  2467 | D:3      | Reached skill level 8 in Axes
  2922 | D:3      | Found a glowing silver altar of Zin.
  2923 | D:3      | Found an ancient bone altar of Kikubaaqudgha.
  3294 | D:4      | Reached XP level 7. HP: 49/59 MP: 7/7
  3411 | D:4      | Noticed Robin
  3427 | D:4      | Killed Robin
  3439 | D:4      | Reached skill level 9 in Axes
  3622 | D:4      | Noticed Eustachio
  3658 | D:4      | Killed Eustachio
  3931 | D:4      | Found a hazy altar of Hepliaklqana.
  3932 | D:4      | Found a shadowy altar of Dithmenos.
  3933 | D:4      | Noticed a shadow
  4153 | D:5      | Entered Level 5 of the Dungeon
  4163 | D:5      | Reached skill level 10 in Axes
  4435 | D:5      | Found a staircase to the Ecumenical Temple.
  4459 | D:5      | Reached XP level 8. HP: 65/66 MP: 6/8
  4503 | D:5      | Found a broken altar of Ashenzari.
  4508 | D:5      | Saw a vision of the Shoals and the Snake Pit.
  4508 | D:5      | Noticed a black mamba
  4508 | D:5      | Noticed an anaconda
  4508 | D:5      | Noticed a merfolk
  4508 | D:5      | Noticed a merfolk siren
  4508 | D:5      | Noticed a sea snake
  4508 | D:5      | Noticed a merfolk
  4508 | D:5      | Noticed a naga warrior
  4508 | D:5      | Noticed an anaconda
  4508 | D:5      | Noticed a black mamba
  4508 | D:5      | Noticed a salamander
  4508 | D:5      | Noticed a naga mage
  4509 | D:5      | Noticed a black mamba
  4510 | D:5      | Noticed a merfolk siren
  4534 | D:5      | Found a sacrificial altar of Ru.
  4535 | D:5      | Noticed Pikel
  4540 | D:5      | Reached skill level 11 in Axes
  4545 | D:5      | Killed Pikel
  4546 | D:5      | Reached skill level 12 in Axes
  5102 | D:6      | Reached skill level 13 in Axes
  5313 | D:6      | Noticed a manticore
  5323 | D:6      | Killed from afar by a manticore

Illustrated notes

Levels and vault maps discovered:
D:1:      roderic_dead_forest, layout_loops_ring, serial_co_window_serial,
          co_window_paths_a, co_window_paths_a, co_window_paths_b,
          co_window_paths_b, co_window_corner_a, co_window_paths_b,
          co_window_of_opportunity_a, co_window_of_opportunity_b,
          co_window_unsneaky_path_c, co_window_unsneaky_path_b,
          co_window_unsneaky_path_b, co_window_of_opportunity_c,
          co_window_paths_c, co_window_4corner_a, glass_columns_a,
          glass_columns_a, glass_columns_b, glass_columns_b,
          corexii_leaking_fountain, minmay_heptomino_w4
D:2:      layout_rooms, serial_shops, shop, uniq_jessica, uniq_sigmund
D:3:      layout_basic, mainiacjoe_overflow_divided_tiny, wad_rectangle_vault
D:4:      layout_loops_cross, riverfiend_overflow_shadow_ancestor,
          hangedman_decor_peaks_small, uniq_eustachio, uniq_robin
D:5:      layout_loops_ring, grunt_ashenzari_visionary
          [grunt_ashenzari_visionary_shoals, grunt_ashenzari_visionary_snake],
          nicolae_ru_path_of_blood, minmay_temple_entry_large_hall,
          chequers_garden, feat_on_display, uniq_pikel
D:6:      layout_loops_ring, mainiacjoe_overflow_alcove_1,
          hellmonk_bongcloud_opening, nicolae_water_bricks,
          nicolae_specific_store

Skill      XL: |  1  2  3  4  5  6  7  8 |
---------------+-------------------------+-----
Axes           | 3 6 8 10 13 | 13.1
Fighting       | 4 |  4.0
Armour         | 4 |  4.0
Shields        | 4 |  4.0

Action                   |  1- 3 |  4- 6 |  7- 9 || total
-------------------------+-------+-------+-------++-------
Melee: War axe           |    96 |   106 |   148 ||   350
  Use: Scroll            |       |       |     3 ||     3
Armor: Scale mail        |    47 |    52 |    64 ||   163
Dodge: Dodged            |    49 |    47 |    77 ||   173
Block: Buckler           |    20 |    20 |    32 ||    72
